 Dungeon Crawl Stone Soup version 0.30.0-15-g856e2d3f33 (webtiles) character file.

Game seed: 7907095401387909415

851 Firecrotchwizard the Cleaver (level 8, -2/70 HPs)
             Began as a Hill Orc Monk on May 20, 2023.
             Was a Believer of Beogh.
             Slain by a sleepcap (12 damage)
             ... on level 5 of the Dungeon.
             The game lasted 00:08:08 (4278 turns).

Firecrotchwizard the Cleaver (Hill Orc Monk)        Turns: 4278, Time: 00:08:08

Health: -2/70      AC: 10    Str: 16    XL:     8   Next: 1%
Magic:  2/9        EV:  2    Int: 10    God:    Beogh [**....]
Gold:   217        SH:  0    Dex: 13    Spells: 7/7 levels left

rFire   . . .        l - +0 whip (venom)
rCold   . . .        d - orb {light}
rNeg    . . .        n - +0 scale mail
rPois   .            w - +0 helmet
rElec   .            (no cloak)
rCorr   .            B - +1 pair of gloves
SInv    .            (no boots)
Will    .....        F - amulet of faith Stlth
                     (no ring)
HPRegen 0.31/turn    (no ring)
MPRegen 0.11/turn

%: faith
@: sleeping, glowing
A: no striking features
a: Renounce Religion, Smiting


You were on level 5 of the Dungeon.
You worshipped Beogh.
Beogh was pleased with you.
You visited 1 branch of the dungeon, and saw 6 of its levels.

You collected 217 gold pieces.

Inventory:

Hand Weapons
 a - a +0 hand axe
 l - a +0 whip of venom (weapon)
 s - a +1 dagger of flaming
Missiles
 A - 10 poisoned darts (quivered)
Armour
 b - a +0 robe
 d - an orb of light (worn)
 k - a +0 ring mail
 m - a +0 chain mail
 n - a +0 scale mail (worn)
 w - a +0 helmet (worn)
 B - a +1 pair of gloves (worn)
Jewellery
 g - a ring of fire
 p - a ring of fire
 F - an amulet of faith (around neck)
Wands
 v - a wand of digging (6)
Scrolls
 i - a scroll of identify
 t - a scroll of poison
 y - a scroll of immolation
Potions
 c - 3 potions of ambrosia
 e - 2 potions of heal wounds
 f - 3 potions of flight
 h - a potion of magic {unknown}
 j - a potion of curing {unknown}
 q - a potion of cancellation {unknown}
 r - a potion of lignification {unknown}
 u - a potion of haste {unknown}
 z - 2 potions of mutation
 C - 2 potions of brilliance


   Skills:
 + Level 6.2 Fighting
 + Level 8.8 Axes
 + Level 4.4 Armour
 - Level 2.4 Dodging
 + Level 2.0 Invocations


You had 7 spell levels left.
You didn't know any spells.
Your spell library contained the following spells:

 Spells                   Type           Power      Damage    Failure   Level
 Beastly Appendage        Tmut           0%         N/A       77%         1
 Sandblast                Erth           0%         2d4       77%         1
 Cigotuvi's Dreadful Rot  Necr/Pois/Air  0%         N/A       88%         2
 Passwall                 Tmut/Erth      0%         N/A       88%         2
 Wereblood                Tmut           0%         N/A       88%         2
 Ignite Poison            Fire/Tmut/Pois 0%         N/A       98%         3
 Spider Form              Tmut/Pois      0%         N/A       98%         3
 Stone Arrow              Conj/Erth      0%         3d7       98%         3
 Freezing Cloud           Conj/Ice/Air   0%         6-21      100%        5


Dungeon Overview and Level Annotations

Branches:
Dungeon (6/15)
 Temple: D:4-7

Altars:
Dithmenos
Okawaru
Vehumet

Annotations:
D:3 1 runed translucent door, Rudyous's ghost, amateur DjFi


Message History

* * * LOW HITPOINT WARNING * * *
* * * LOW HITPOINT WARNING * * *
You feel very sick.
The water moccasin attacks as you move away!
The water moccasin bites you but does no damage.
* * * LOW HITPOINT WARNING * * *
You feel very sick.
The water moccasin bites you but does no damage.
You are confused.
You feel invigorated.
* * * LOW HITPOINT WARNING * * *
You feel sick. The water moccasin barely misses you.
You bump into the rock wall.
You feel sick. The water moccasin barely misses you.
The water moccasin bites you.
* * * LOW HITPOINT WARNING * * *
You bump into the rock wall.
You feel sick. The water moccasin closely misses you.
Unknown command.
You bump into the rock wall.
You feel sick. The water moccasin closely misses you.
Unknown command.
You bump into the rock wall.
You feel sick. The water moccasin closely misses you.
The water moccasin bites you but does no damage.
Unknown command.
You closely miss the water moccasin.
The water moccasin is moderately wounded.
You feel sick. The water moccasin bites you.
* * * LOW HITPOINT WARNING * * *
You are more poisoned.
The water moccasin poisons you!
You bump into the rock wall.
You feel very sick. The water moccasin closely misses you.
Unknown command.
You bump into the rock wall.
You feel sick. The water moccasin bites you.
* * * LOW HITPOINT WARNING * * *
The water moccasin barely misses you.
You bump into the rock wall.
You feel less invigorated.
You feel less confused.
You feel sick.
The water moccasin bites you but does no damage.
Unknown command.
You barely miss the water moccasin.
The water moccasin is moderately wounded.
You feel sick.
The water moccasin bites you but does no damage.
Unknown command.
You hit the water moccasin but do no damage.
The water moccasin is lightly wounded.
You feel sick.
The water moccasin bites you but does no damage. x2
Unknown command.
You hit the water moccasin but do no damage.
The water moccasin is lightly wounded.
You feel sick.
The water moccasin bites you but does no damage.
Unknown command.
You hit the water moccasin.
The water moccasin is moderately wounded.
You feel sick.
The water moccasin bites you but does no damage.
Unknown command.
You closely miss the water moccasin.
The water moccasin is moderately wounded.
You feel sick. The water moccasin closely misses you.
Okay, then.
Aiming: Smiting
Press: ? - help, Dir - move target, f - water moccasin Smite: a water moccasin (moderately wounded, haloed)
You smite the water moccasin!
The water moccasin is severely wounded.
You feel sick.
You are no longer poisoned.
The water moccasin closely misses you. x2
Aiming: Smiting
Press: ? - help, Dir - move target, f/p - water moccasin Smite: a water moccasin (severely wounded, haloed)
You smite the water moccasin!
You kill the water moccasin!
Beogh accepts your kill.
* * * LOW MAGIC WARNING * * *
Your Invocations skill increases to level 2!
You have reached level 8!
You don't have enough magic at the moment.
Unknown command.
You hit the sleepcap.
The sleepcap is lightly damaged.
The sleepcap barely misses you.
You hit the sleepcap.
The sleepcap is poisoned.
The sleepcap is moderately damaged.
The sleepcap barely misses you.
You hit the sleepcap.
The sleepcap is heavily damaged.
The sleepcap releases spores at you.
* * * LOW HITPOINT WARNING * * *
You are engulfed in a cloud of soporific spores!
You fall asleep.
The sleepcap releases spores at you!
You die...

#.......#
#.......#
#.......# ##
#.......# ..
...####..##
.######
#.####..#
......#
#.......#
.####.#
#######f# ..#
#.##########@#
..#
#............#
..#
#.############
..# #.# ...
#.# #.##### .#
##


You could see a sleepcap (very poisoned).

Vanquished Creatures
  Sigmund (D:5)
  A water moccasin (D:5)
  A black bear (D:4)
  A scorpion (D:5)
  A howler monkey (D:4)
  A gnoll bouda (D:5)
  Ijyb (D:2)
  2 iguanas
  An orc wizard (D:4)
  Robin (D:3)
  5 gnolls (D:5)
  9 adders
  An ufetubus (D:6)
  2 worms
  3 dart slugs
  14 orcs
  7 bats
  7 endoplasms
  6 giant cockroaches
  12 goblins
  8 hobgoblins
  3 jackals (D:3)
  3 quokkas
  7 ball pythons
  2 frilled lizards
  4 kobolds
  6 rats
110 creatures vanquished.

Vanquished Creatures (others)
  An orc (D:4)
1 creature vanquished.

Grand Total: 111 creatures vanquished

Notes
Turn   | Place    | Note
-------+----------+-------------------------------------------
     0 | D:1      | Firecrotchwizard the Hill Orc Monk began the quest for the
                  | Orb.
     0 | D:1      | Reached XP level 1. HP: 19/19 MP: 1/1
    92 | D:1      | Reached XP level 2. HP: 25/27 MP: 2/2
   250 | D:1      | Reached skill level 1 in Armour
   333 | D:1      | Reached XP level 3. HP: 29/33 MP: 3/3
   535 | D:2      | Reached skill level 5 in Axes
   587 | D:2      | HP: 1/33 [poisoned by an adder]
   856 | D:2      | Reached XP level 4. HP: 38/40 MP: 4/4
  1077 | D:2      | Found an iron altar of Okawaru.
  1780 | D:3      | Found a radiant altar of Vehumet.
  1810 | D:3      | Noticed Ijyb
  1810 | D:3      | Noticed Robin
  1859 | D:2      | Killed Ijyb
  1860 | D:2      | Reached skill level 6 in Axes
  1860 | D:2      | Reached XP level 5. HP: 26/47 MP: 5/5
  1993 | D:3      | Killed Robin
  2093 | D:3      | Found a shadowy altar of Dithmenos.
  2156 | D:3      | Found a faded altar of an unknown god.
  2254 | D:3      | You fall into a shaft and drop 3 floors!
  2286 | D:5      | Entered Level 5 of the Dungeon
  2302 | D:5      | Noticed Sigmund
  2319 | D:5      | Killed Sigmund
  2320 | D:5      | Reached skill level 5 in Fighting
  2320 | D:5      | Reached skill level 7 in Axes
  2320 | D:5      | Reached XP level 6. HP: 34/56 MP: 6/6
  2775 | D:4      | Became a worshipper of Beogh the Brigand
  2775 | D:4      | Reached * piety under Beogh
  2775 | D:4      | Reached ** piety under Beogh
  2803 | D:4      | Reached XP level 7. HP: 56/61 MP: 7/7
  3056 | D:4      | Reached skill level 8 in Axes
  3545 | D:3      | Found a runed translucent door.
  3546 | D:3      | Noticed Rudyous's ghost (amateur DjFi)
  4210 | D:5      | Reached skill level 1 in Invocations
  4275 | D:5      | Reached XP level 8. HP: 13/70 MP: 2/9
  4278 | D:5      | Slain by a sleepcap

Illustrated notes

Levels and vault maps discovered:
D:1:      dpeg_arrival_simpleton_c, layout_loops_ring, st_stairs_1,
          hangedman_glass_teeth
D:2:      layout_loops_ring, basic_altar
D:3:      layout_basic, mainiacjoe_overflow_chevrons,
          mainiacjoe_overflow_small_starburst, gammafunk_ghost_grave,
          hellmonk_ecumenical_altar_blasted, nicolae_goblin_pals
D:4:      layout_gridville, minmay_door_square
D:5:      layout_basic, gammafunk_temple_overflow_wave, uniq_duvessa,
          uniq_crazy_yiuf_cottage, uniq_sigmund
D:6:      layout_basic, serial_corexii_hall, chequers_hall_statues_wall_a,
          corexii_hall_statues_i, grunt_ministairs_6

Skill      XL: |  1  2  3  4  5  6  7 |
---------------+----------------------+-----
Armour         | 1 2 3 4 |  4.4
Fighting       | 4 5 6 |  6.2
Axes           | 5 6 7 8 |  8.8
Invocations    | 2 |  2.0
Dodging        | |  2.4

Action                     |  1- 3 |  4- 6 |  7- 9 || total
---------------------------+-------+-------+-------++-------
  Melee: Hand axe          |   119 |    13 |       ||   132
         Whip              |       |   180 |    99 ||   279
 Invoke: Convert to Beogh  |       |     1 |       ||     1
         Smiting           |       |       |     2 ||     2
    Use: Scroll            |       |       |     9 ||     9
         Potion            |       |       |     1 ||     1
 Armour: Robe              |    36 |       |       ||    36
         Scale mail        |       |    74 |    50 ||   124
         Ring mail         |       |     2 |       ||     2
  Dodge: Dodged            |    65 |    90 |    48 ||   203
